 Dungeon Crawl Stone Soup version 0.19-a0-1831-gd4c818f (webtiles) character file.

81 Eucla the Insei (level 4, 0/28 HPs)
             Began as a Tengu Monk on Oct 8, 2016.
             Slain by a gnoll
             ... wielding a +0 spear
              (3 damage)
             ... on level 2 of the Dungeon.
             The game lasted 00:01:24 (991 turns).

Eucla the Insei (Tengu Monk)                         Turns: 991, Time: 00:01:24

Health: 0/28       AC:  2    Str: 12    XL:     4   Next: 40%
Magic:  5/5        EV: 13    Int: 15    God:
Gold:   10         SH:  0    Dex: 15    Spells: 0 memorised, 3 levels left

rFire  . . .     SeeInvis .       - Unarmed
rCold  + . .     Gourm    .     e - -1 leather armour (curse)
rNeg   . . .     Faith    .     (no shield)
rPois  .         Spirit   .     (helmet restricted)
rElec  .         Dismiss  .     (no cloak)
rCorr  .         Reflect  .     (no gloves)
MR     .....     Harm     .     (boots unavailable)
Stlth  ++........               (no amulet)
                                (no ring)
                                (no ring)

@: brilliant
A: beak, horns 1, talons 3, clumsy 1, cold resistance 1
a: no special abilities


You were on level 2 of the Dungeon.
You were not hungry.

You visited 1 branch of the dungeon, and saw 2 of its levels.

You collected 10 gold pieces.

Inventory:

Armour
 a - a +0 robe
 e - a cursed -1 leather armour (worn)
Scrolls
 c - a scroll of magic mapping {unknown}
Comestibles
 b - 3 bread rations


   Skills:
 + Level 3.5 Fighting
 + Level 3.7 Dodging
 - Level 2.0 Stealth
 * Level 4.8 Unarmed Combat


You had 3 spell levels left.
You didn't know any spells.

Dungeon Overview and Level Annotations

Branches:
Dungeon (2/15)

Altars:
Makhleb
Nemelex Xobeh


Innate Abilities, Weirdness & Mutations

You have a beak for a mouth.
You have claws for feet.
You have a pair of small horns on your head.
You are clumsy. (Dex -2)
Your flesh is cold resistant. (rC+)


Message History

The gnoll is moderately wounded.
The gnoll hits you.
* * * LOW HITPOINT WARNING * * *
The gnoll misses you.
You barely miss the gnoll. Your kick misses the gnoll.
Your peck misses the gnoll.
The gnoll is moderately wounded.
The gnoll barely misses you. The gnoll misses you.
You hit the gnoll. You claw the gnoll, but do no damage.
The gnoll is heavily wounded.
The gnoll hits you but does no damage. The gnoll misses you.
Unknown command.
You hit the gnoll. You claw the gnoll. You headbutt the gnoll.
The gnoll is almost dead.
The gnoll closely misses you.
Unknown command.
You hit the gnoll.
You kill the gnoll!
The gnoll hits you from afar with a spear.
You die...

####.........
#...........( #...gg..>.
##### #.###..... ##..†##
#.#################.....##
#
#.†.)....gg......#.......#
#.........g.g#####..._...#
#
#.##########)#####.......#
# #.# #...@....###.....##
# #.# #........#
##...##### ..# #........#
##.##.... ### #........#
#..#####
#........######......
#........#........###
#.....†..#........# #
#####'####........###
#....'........'..


You could see a gnoll.

Vanquished Creatures
  2 gnolls (D:2)
  2 adders (D:2)
  An ooze (D:2)
  2 dart slugs (D:1)
  A leopard gecko (D:1)
  A ball python (D:1)
  4 bats (D:1)
  3 giant cockroaches
  3 goblins (D:1)
  4 hobgoblins (D:1)
  3 jackals (D:1)
  3 kobolds
  3 frilled lizards
  2 rats (D:2)
34 creatures vanquished.

Notes
Turn   | Place    | Note
-------+----------+-------------------------------------------
     0 | D:1      | Eucla the Tengu Monk began the quest for the Orb.
     0 | D:1      | Reached XP level 1. HP: 14/14 MP: 2/2
    57 | D:1      | Reached XP level 2. HP: 13/19 MP: 3/3
   387 | D:1      | Reached skill level 4 in Unarmed Combat
   449 | D:1      | Reached XP level 3. HP: 23/23 MP: 4/4
   811 | D:2      | Reached XP level 4. HP: 12/28 MP: 5/5
   845 | D:2      | Found a burning altar of Makhleb.
   873 | D:2      | Found a sparkling altar of Nemelex Xobeh.
   966 | D:2      | Gained mutation: You are clumsy. (Dex -2) [potion of mutation]
   966 | D:2      | Gained mutation: You have a pair of small horns on your head. [potion of mutation]
   966 | D:2      | Gained mutation: Your flesh is cold resistant. (rC+) [potion of mutation]
   991 | D:2      | Slain by a gnoll

Vault maps used:
D:1:      kennysheep_arrival_seaside
D:2:      lemuel_round_altar, nemelex_altar_shiori, nrook_mini_backslash

Skill      XL: |  1  2 |
---------------+-------+-----
Unarmed Combat | 4 |  4.8
Fighting       | |  3.5
Dodging        | |  3.7
Stealth        | |  2.0

Action                   |  1- 3 |  4- 6 || total
-------------------------+-------+-------++-------
Melee: Unarmed           |    85 |    20 ||   105
       Peck              |    11 |     3 ||    14
       Kick              |    18 |     6 ||    24
       Headbutt          |       |     2 ||     2
       Punch             |       |     1 ||     1
  Use: Potion            |       |     2 ||     2
       Scroll            |       |     1 ||     1
 Stab: Sleeping          |     4 |     2 ||     6
Armor: Robe              |    20 |       ||    20
       Leather armour    |       |     2 ||     2
Dodge: Dodged            |    63 |    16 ||    79
